A+ - U26
LAKE ELSINORE STORM @ MODESTO NUTS
05/18/2052
 
TOP OF THE 1ST
Ventura Gulls batting - Pitching for Sonoma Stompers : RHP A.J. Page
Pitching: RHP A.J. Page
Batting: RHB Michal Schrieber 0-0: Foul Ball, location: 2F
0-1: Foul Ball, location: 2F
0-2: Reached on error, E2 (Groundball, 2R, EV 71.2 MPH)
Batting: RHB Gideon Anderson 0-0: Ball
1-0: Fly out, F9 (Flyball, 9, EV 90.6 MPH)
Batting: RHB Josh Rogers 0-0: Ball
1-0: Called Strike
1-1: Foul Ball, location: 2F
1-2: Strikes out swinging
Batting: LHB Juan Pablo Sánchez 0-0: Called Strike
0-1: Ball
1-1: Swinging Strike
1-2: Strikes out swinging
Top of the 1st over - 0 runs, 0 hits, 1 error, 1 left on base; Ventura 0 - Sonoma 0
BOTTOM OF THE 1ST
Sonoma Stompers batting - Pitching for Ventura Gulls : LHP Justin Shin
Pitching: LHP Justin Shin
Batting: RHB Kraig Morinville 0-0: Ball
1-0: Ball
2-0: Foul Ball, location: 2F
2-1: Swinging Strike
2-2: Strikes out swinging
Batting: RHB Jim Kiser 0-0: Ball
1-0: Ball
2-0: Ground out 4-3 (Groundball, 4, EV 93.8 MPH)
Batting: RHB Steve Simpson 0-0: Foul Ball, location: 2F
0-1: Ball
1-1: Ball
2-1: Foul Ball, location: 2F
2-2: Fly out, F9 (Flyball, 89D, EV 91.9 MPH)
Bottom of the 1st over - 0 runs, 0 hits, 0 errors, 0 left on base; Ventura 0 - Sonoma 0
TOP OF THE 2ND
Ventura Gulls batting - Pitching for Sonoma Stompers : RHP A.J. Page
Batting: RHB Jeronimo Lobato 0-0: Foul Ball, location: 2F
0-1: Foul Ball, location: 2F
0-2: Strikes out swinging
Batting: RHB Ian Machiavelli 0-0: Swinging Strike
0-1: Called Strike
0-2: Foul Ball, location: 2F
0-2: Ball
1-2: Ball
2-2: Foul Ball, location: 2F
2-2: Ground out 4-3 (Groundball, 4, EV 83.1 MPH)
Batting: RHB Raulo Montoya 0-0: SOLO HOME RUN (Flyball, 7LD, EV 95.0 MPH), Distance : 359 ft
Batting: RHB Joaquin Esqueda 0-0: Called Strike
0-1: Ball
1-1: Called Strike
1-2: Ball
2-2: Foul Ball, location: 2F
2-2: Foul Ball, location: 2F
2-2: Strikes out swinging
Top of the 2nd over - 1 run, 1 hit, 0 errors, 0 left on base; Ventura 1 - Sonoma 0
BOTTOM OF THE 2ND
Sonoma Stompers batting - Pitching for Ventura Gulls : LHP Justin Shin
Batting: RHB Ed Mills 0-0: Called Strike
0-1: Hit by Pitch
Batting: RHB Claude Wellington 0-0: Ball
1-0: Ball
2-0: Called Strike
2-1: SINGLE (Groundball, 15S, EV 67.5 MPH) (infield hit)
Ed Mills to second
Batting: RHB Darwin Redpath 0-0: Called Strike
0-1: Ball
1-1: Fly out, F7 (Flyball, 7S, EV 85.6 MPH)
Batting: RHB Luis Antonio Pinales 0-0: Ball
1-0: Foul Ball, location: 2F
1-1: Called Strike
1-2: Ball
2-2: Ball
3-2: Base on Balls
Ed Mills to third
Claude Wellington to second
Batting: RHB Silas Zirkle 0-0: Ball
1-0: Foul Ball, location: 2F
1-1: Grounds into double play, 4-6-3 (Groundball, 4, EV 83.8 MPH)
Bottom of the 2nd over - 0 runs, 1 hit, 0 errors, 2 left on base; Ventura 1 - Sonoma 0
TOP OF THE 3RD
Ventura Gulls batting - Pitching for Sonoma Stompers : RHP A.J. Page
Batting: RHB Chris Christiansen 0-0: Ball
1-0: Fly out, F8 (Flyball, 8LD, EV 89.4 MPH)
Batting: RHB Michal Schrieber 0-0: Ball
1-0: Fly out, F7 (Flyball, 7, EV 83.8 MPH)
Batting: RHB Gideon Anderson 0-0: Ball
1-0: Called Strike
1-1: Ball
2-1: Called Strike
2-2: SINGLE (Groundball, 34D, EV 95.6 MPH)
Batting: RHB Josh Rogers 0-0: Ball
1-0: Called Strike
1-1: Ball
2-1: Ball
3-1: Fly out, F8 (Line Drive, 8RD, EV 95.6 MPH)
Top of the 3rd over - 0 runs, 1 hit, 0 errors, 1 left on base; Ventura 1 - Sonoma 0
BOTTOM OF THE 3RD
Sonoma Stompers batting - Pitching for Ventura Gulls : LHP Justin Shin
Batting: LHB Dillon Druyor 0-0: SINGLE (Line Drive, 9S, EV 108.8 MPH)
Batting: RHB Kraig Morinville 0-0: Ball
1-0: Called Strike
1-1: Foul Ball, location: 2F
1-2: Ball
2-2: Fly out, F8 (Flyball, 8RXD, EV 100.6 MPH)
Batting: RHB Jim Kiser 0-0: Called Strike
0-1: 2-RUN HOME RUN (Flyball, 89XD, EV 96.2 MPH), Distance : 393 ft
Batting: RHB Steve Simpson 0-0: Ball
1-0: Swinging Strike
1-1: Called Strike
1-2: DOUBLE (Line Drive, 78M, EV 111.2 MPH)
Batting: RHB Ed Mills 0-0: Ball
1-0: Ball
2-0: Ball
3-0: Called Strike
3-1: Base on Balls
Batting: RHB Claude Wellington 0-0: Called Strike
0-1: Swinging Strike
0-2: Hit by Pitch
Steve Simpson to third
Ed Mills to second
Batting: RHB Darwin Redpath 0-0: Foul Ball, location: 2F
0-1: Foul Ball, location: 2F
0-2: Foul Ball, location: 2F
0-2: Ball
1-2: Foul Ball, location: 2F
1-2: Ball
2-2: Fielders Choice at 2nd, 3-6 (Groundball, 34, EV 110.0 MPH)
Steve Simpson scores
Ed Mills to third
Batting: RHB Luis Antonio Pinales 0-0: Ball
1-0: Fielders Choice at 2nd, 5-4 (Groundball, 56, EV 110.0 MPH)
Bottom of the 3rd over - 3 runs, 3 hits, 0 errors, 2 left on base; Ventura 1 - Sonoma 3
TOP OF THE 4TH
Ventura Gulls batting - Pitching for Sonoma Stompers : RHP A.J. Page
Batting: LHB Juan Pablo Sánchez 0-0: Called Strike
0-1: DOUBLE (Flyball, 8LXD, EV 106.9 MPH)
Batting: RHB Jeronimo Lobato 0-0: Ball
1-0: Ball
2-0: Swinging Strike
2-1: 2-RUN HOME RUN (Flyball, 8LXD, EV 115.6 MPH), Distance : 445 ft
Batting: RHB Ian Machiavelli 0-0: Called Strike
0-1: Foul Ball, location: 2F
0-2: Fly out, F8 (Flyball, 8RM, EV 92.5 MPH)
Batting: RHB Raulo Montoya 0-0: Foul Ball, location: 2F
0-1: Foul Ball, location: 2F
0-2: Strikes out swinging
Batting: RHB Joaquin Esqueda 0-0: Ball
1-0: Ball
2-0: Foul Ball, location: 2F
2-1: Called Strike
2-2: Ball
3-2: Base on Balls
Batting: RHB Chris Christiansen 0-0: DOUBLE (Line Drive, 78D, EV 108.1 MPH)
Joaquin Esqueda to third
Runner from 3rd tries for Home, SAFE, throw by LF to trailing runner, SAFE at third!
Batting: RHB Michal Schrieber 0-0: Ball
1-0: SINGLE (Line Drive, 8RS, EV 113.1 MPH)
Chris Christiansen scores
Pitching: RHP R.J. Bostick
Batting: RHB Gideon Anderson 0-0: Called Strike
Michal Schrieber steals 2nd base
0-1: Ball
1-1: Ball
2-1: Ground out 4-3 (Groundball, 4, EV 87.5 MPH)
Top of the 4th over - 4 runs, 4 hits, 0 errors, 1 left on base; Ventura 5 - Sonoma 3
BOTTOM OF THE 4TH
Sonoma Stompers batting - Pitching for Ventura Gulls : LHP Justin Shin
Batting: RHB Silas Zirkle 0-0: Called Strike
0-1: Called Strike
0-2: Foul Ball, location: 2F
0-2: Foul Ball, location: 2F
0-2: Ball
1-2: Strikes out looking
Batting: LHB Dillon Druyor 0-0: Ball
1-0: Foul Ball, location: 2F
1-1: Ball
2-1: Reached on error, E9 (Flyball, 9D, EV 101.9 MPH)
Batting: RHB Kraig Morinville 0-0: Called Strike
0-1: Ball
1-1: Swinging Strike
1-2: Foul Ball, location: 2F
1-2: Ball
2-2: Ground out 5-3 (Groundball, 5S, EV 78.1 MPH)
Batting: RHB Jim Kiser 0-0: Ball
1-0: Ball
2-0: Foul Ball, location: 2F
2-1: Ball
3-1: Fly out, F8 (Flyball, 8RD, EV 101.2 MPH)
Bottom of the 4th over - 0 runs, 0 hits, 1 error, 1 left on base; Ventura 5 - Sonoma 3
TOP OF THE 5TH
Ventura Gulls batting - Pitching for Sonoma Stompers : RHP R.J. Bostick
Batting: RHB Josh Rogers 0-0: Ball
1-0: Ball
2-0: TRIPLE (Groundball, 3L, EV 102.5 MPH)
Batting: LHB Juan Pablo Sánchez 0-0: Ball
1-0: Ball
2-0: Called Strike
2-1: Called Strike
2-2: Ball
3-2: Foul Ball, location: 2F
3-2: Foul Ball, location: 2F
3-2: Fly out, F7 (Flyball, 7LSF, EV 73.1 MPH)
Batting: RHB Jeronimo Lobato 0-0: Called Strike
0-1: Ball
1-1: Ball
2-1: Foul Ball, location: 2F
2-2: SINGLE (Flyball, 5D, EV 91.9 MPH)
Josh Rogers scores
Batting: RHB Ian Machiavelli 0-0: Grounds into double play, 6-4-3 (Groundball, 6, EV 84.4 MPH)
Top of the 5th over - 1 run, 2 hits, 0 errors, 0 left on base; Ventura 6 - Sonoma 3
BOTTOM OF THE 5TH
Sonoma Stompers batting - Pitching for Ventura Gulls : LHP Justin Shin
Batting: RHB Steve Simpson 0-0: Called Strike
0-1: Swinging Strike
0-2: Ball
1-2: Strikes out swinging, 2-3 out at first.
Batting: RHB Ed Mills 0-0: Ball
1-0: Ball
2-0: Fly out, F7 (Line Drive, 7S, EV 87.5 MPH)
Batting: RHB Claude Wellington 0-0: Ground out 6-3 (Groundball, P, EV 88.1 MPH)
Bottom of the 5th over - 0 runs, 0 hits, 0 errors, 0 left on base; Ventura 6 - Sonoma 3
TOP OF THE 6TH
Ventura Gulls batting - Pitching for Sonoma Stompers : RHP R.J. Bostick
Batting: RHB Raulo Montoya 0-0: Ball
1-0: Fly out, F8 (Flyball, 89D, EV 98.8 MPH)
Batting: RHB Joaquin Esqueda 0-0: Ball
1-0: Ground out 4-3 (Groundball, 4, EV 96.2 MPH)
Batting: RHB Chris Christiansen 0-0: Foul Ball, location: 2F
0-1: Swinging Strike
0-2: Fly out, F7 (Flyball, 7LD, EV 90.6 MPH)
Top of the 6th over - 0 runs, 0 hits, 0 errors, 0 left on base; Ventura 6 - Sonoma 3
BOTTOM OF THE 6TH
Sonoma Stompers batting - Pitching for Ventura Gulls : LHP Justin Shin
Pitching: RHP Trey Hendrix
Batting: RHB Darwin Redpath 0-0: Ball
1-0: Called Strike
1-1: Ground out 6-3 (Groundball, 6, EV 106.9 MPH)
Batting: RHB Luis Antonio Pinales 0-0: SINGLE (Groundball, 6S, EV 71.9 MPH) (infield hit)
Batting: RHB Silas Zirkle 0-0: Ball
1-0: Swinging Strike
1-1: Foul Ball, location: 2F
1-2: Ball
2-2: Fly out, F7 (Flyball, 78M, EV 87.5 MPH)
Batting: LHB Dillon Druyor 0-0: Foul Ball, location: 2F
0-1: SINGLE (Line Drive, 89S, EV 87.5 MPH)
Luis Antonio Pinales to second
Runner from 2nd tries for 3rd, SAFE, throw by RF made to third
Batting: RHB Kraig Morinville 0-0: Ball
1-0: Ball
2-0: Fly out, F7 (Flyball, 78S, EV 80.0 MPH)
Bottom of the 6th over - 0 runs, 2 hits, 0 errors, 2 left on base; Ventura 6 - Sonoma 3
TOP OF THE 7TH
Ventura Gulls batting - Pitching for Sonoma Stompers : RHP R.J. Bostick
Batting: RHB Michal Schrieber 0-0: Foul Ball, location: 2F
0-1: Fly out, F7 (Flyball, 78S, EV 91.2 MPH)
Batting: RHB Gideon Anderson 0-0: Foul Ball, location: 2F
0-1: Called Strike
0-2: Ball
1-2: Strikes out swinging
Batting: RHB Josh Rogers 0-0: Ball
1-0: Fly out, F7 (Flyball, 7D, EV 96.2 MPH)
Top of the 7th over - 0 runs, 0 hits, 0 errors, 0 left on base; Ventura 6 - Sonoma 3
BOTTOM OF THE 7TH
Sonoma Stompers batting - Pitching for Ventura Gulls : RHP Trey Hendrix
Batting: RHB Jim Kiser 0-0: Fly out, F6 (Popup, P, EV 90.0 MPH)
Batting: RHB Steve Simpson 0-0: Reached on error, E6 (Groundball, 56, EV 80.0 MPH)
Batting: RHB Ed Mills 0-0: Fly out, F8 (Flyball, 8LD, EV 92.5 MPH)
Batting: RHB Claude Wellington 0-0: Ball
1-0: Ball
2-0: Called Strike
2-1: Ball
3-1: Base on Balls
Steve Simpson to second
Pinch Hitting: LHB Jeff Rivers 0-0: Called Strike
0-1: Ball
1-1: Ball
2-1: Ball
3-1: SINGLE (Groundball, 56, EV 105.6 MPH)
Steve Simpson to third
Claude Wellington to second
Runner from 3rd tries for Home, SAFE, throw by LF to home
Batting: RHB Luis Antonio Pinales 0-0: Ball
1-0: Called Strike
1-1: Ground out 1-3 (Groundball, 34S, EV 67.5 MPH)
Bottom of the 7th over - 1 run, 1 hit, 1 error, 2 left on base; Ventura 6 - Sonoma 4
TOP OF THE 8TH
Ventura Gulls batting - Pitching for Sonoma Stompers : RHP R.J. Bostick
Pitching: LHP Jeremiah Neeley
Now in CF: Nathan Tomaszewski
Batting: LHB Juan Pablo Sánchez 0-0: Ball
1-0: Called Strike
1-1: Ball
2-1: Ground out 6-3 (Groundball, 6, EV 103.1 MPH)
Batting: RHB Jeronimo Lobato 0-0: Fly out, F8 (Flyball, 8RD, EV 93.1 MPH)
Batting: RHB Ian Machiavelli 0-0: Called Strike
0-1: Foul Ball, location: 2F
0-2: Foul Ball, location: 2F
0-2: Hit by Pitch
Batting: RHB Raulo Montoya 0-0: SINGLE (Flyball, 89S, EV 96.9 MPH)
Ian Machiavelli to second
Batting: RHB Joaquin Esqueda 0-0: SINGLE (Flyball, 8RS, EV 89.4 MPH)
Ian Machiavelli to third
Raulo Montoya to second
Runner from 3rd tries for Home, SAFE, throw by CF to home
Batting: RHB Chris Christiansen 0-0: Called Strike
0-1: Ball
1-1: Swinging Strike
1-2: Strikes out swinging
Top of the 8th over - 1 run, 2 hits, 0 errors, 2 left on base; Ventura 7 - Sonoma 4
BOTTOM OF THE 8TH
Sonoma Stompers batting - Pitching for Ventura Gulls : RHP Trey Hendrix
Batting: RHB Silas Zirkle 0-0: Ball
1-0: Foul Ball, location: 2F
1-1: Ball
2-1: Foul Ball, location: 2F
2-2: Ground out 5-3 (Groundball, 56, EV 91.9 MPH)
Batting: LHB Dillon Druyor 0-0: Called Strike
0-1: DOUBLE (Flyball, 78XD, EV 95.6 MPH)
Batting: RHB Kraig Morinville 0-0: Foul Ball, location: 2F
0-1: Ball
1-1: SINGLE (Flyball, 78S, EV 91.9 MPH)
Dillon Druyor to third
Runner from 3rd tries for Home, SAFE, throw by LF to home
Batting: RHB Jim Kiser 0-0: Ball
1-0: Ball
2-0: Ball
3-0: Called Strike
3-1: Foul Ball, location: 2F
3-2: Fly out, F9 (Flyball, 9S, EV 94.4 MPH)
Batting: RHB Steve Simpson 0-0: Ball
1-0: Foul Ball, location: 2F
1-1: Swinging Strike
1-2: Strikes out looking
Bottom of the 8th over - 1 run, 2 hits, 0 errors, 1 left on base; Ventura 7 - Sonoma 5
TOP OF THE 9TH
Ventura Gulls batting - Pitching for Sonoma Stompers : LHP Jeremiah Neeley
Batting: RHB Michal Schrieber 0-0: DOUBLE (Flyball, 8RXD, EV 100.6 MPH)
Batting: RHB Gideon Anderson 0-0: Ball
1-0: SINGLE (Flyball, 6D, EV 83.1 MPH)
Michal Schrieber to third
Batting: RHB Josh Rogers 0-0: Called Strike
0-1: Ball
Gideon Anderson is caught stealing 2nd base 2-4
1-1: Intentional Walk
Pitching: LHP Sidd Comeaux
Batting: LHB Juan Pablo Sánchez 0-0: Swinging Strike
0-1: Called Strike
0-2: Ball
1-2: Ball
2-2: SINGLE (Line Drive, 3D, EV 94.4 MPH)
Michal Schrieber scores
Josh Rogers to second
Runner from 2nd tries for 3rd, SAFE, no throw by RF
Batting: RHB Jeronimo Lobato 0-0: Foul Ball, location: 2F
0-1: Ball
1-1: Called Strike
1-2: Ball
2-2: Strikes out swinging
Batting: RHB Ian Machiavelli 0-0: Ball
1-0: Swinging Strike
1-1: Ball
2-1: Foul Ball, location: 2F
2-2: Fly out, F8 (Flyball, 8LM, EV 83.1 MPH)
Top of the 9th over - 1 run, 3 hits, 0 errors, 2 left on base; Ventura 8 - Sonoma 5
BOTTOM OF THE 9TH
Sonoma Stompers batting - Pitching for Ventura Gulls : RHP Trey Hendrix
Batting: RHB Ed Mills 0-0: Ball
1-0: Swinging Strike
1-1: Swinging Strike
1-2: Foul Ball, location: 2F
1-2: Ball
2-2: Strikes out swinging
Batting: RHB Claude Wellington 0-0: Called Strike
0-1: Called Strike
0-2: Ball
1-2: SINGLE (Groundball, 4D, EV 101.2 MPH)
Pitching: RHP Kent Braxton
Batting: RHB Nathan Tomaszewski 0-0: Called Strike
0-1: Ball
1-1: Foul Ball, location: 2F
1-2: SINGLE (Line Drive, 34, EV 95.0 MPH)
Claude Wellington to second
Batting: RHB Luis Antonio Pinales 0-0: Called Strike
0-1: Ball
1-1: Foul Ball, location: 2F
1-2: Ball
2-2: Ball
3-2: Base on Balls
Claude Wellington to third
Nathan Tomaszewski to second
Batting: RHB Silas Zirkle 0-0: Ball
1-0: Fielders Choice at 2nd, 6-4 (Groundball, 6MD, EV 83.8 MPH)
Claude Wellington scores
Nathan Tomaszewski to third
Batting: LHB Dillon Druyor 0-0: Ball
1-0: Ball
2-0: Ball
3-0: Base on Balls
Silas Zirkle to second
Batting: RHB Kraig Morinville 0-0: Called Strike
0-1: Foul Ball, location: 2F
0-2: SINGLE (Groundball, 6MD, EV 101.9 MPH)
Nathan Tomaszewski scores
Silas Zirkle to third
Dillon Druyor to second
Runner from 3rd tries for Home, SAFE, throw by CF to home
Batting: RHB Jim Kiser 0-0: Called Strike
0-1: Foul Ball, location: 2F
0-2: Fly out, F2 (Popup, 3SF, EV 85.0 MPH)
Bottom of the 9th over - 3 runs, 3 hits, 0 errors, 2 left on base; Ventura 8 - Sonoma 8
TOP OF THE 10TH
Ventura Gulls batting - Pitching for Sonoma Stompers : LHP Sidd Comeaux
Pitching: RHP Ben Netherly
Batting: RHB Raulo Montoya 0-0: Foul Ball, location: 2F
0-1: Ball
1-1: Fly out, F3 (Popup, 3, EV 79.4 MPH)
Batting: RHB Joaquin Esqueda 0-0: Called Strike
0-1: Called Strike
0-2: Strikes out swinging
Pinch Hitting: SHB Pierre Daramola 0-0: Called Strike
0-1: Ground out 5-3 (Groundball, 56, EV 86.2 MPH)
Top of the 10th over - 0 runs, 0 hits, 0 errors, 0 left on base; Ventura 8 - Sonoma 8
BOTTOM OF THE 10TH
Sonoma Stompers batting - Pitching for Ventura Gulls : RHP Kent Braxton
Now in LF: E.J. Love
Now in CF: Gideon Anderson
Batting: RHB Steve Simpson 0-0: Called Strike
0-1: Called Strike
0-2: Ball
1-2: Ball
2-2: Strikes out looking
Batting: RHB Ed Mills 0-0: Foul Ball, location: 2F
0-1: Ball
1-1: Ground out 6-3 (Groundball, 6, EV 88.8 MPH)
Batting: RHB Claude Wellington 0-0: Ball
1-0: Ball
2-0: Ground out 6-3 (Groundball, 6, EV 77.5 MPH)
Bottom of the 10th over - 0 runs, 0 hits, 0 errors, 0 left on base; Ventura 8 - Sonoma 8
TOP OF THE 11TH
Ventura Gulls batting - Pitching for Sonoma Stompers : RHP Ben Netherly
Batting: RHB Michal Schrieber 0-0: Called Strike
0-1: Foul Ball, location: 2F
0-2: Strikes out swinging
Batting: RHB Gideon Anderson 0-0: Called Strike
0-1: Foul Ball, location: 2F
0-2: Ball
1-2: Fly out, F8 (Line Drive, 8RM, EV 98.1 MPH)
Batting: RHB Josh Rogers 0-0: Ball
1-0: Ball
2-0: Ball
3-0: Called Strike
3-1: Base on Balls
Batting: LHB Juan Pablo Sánchez 0-0: Fly out, F7 (Flyball, 7D, EV 90.6 MPH)
Top of the 11th over - 0 runs, 0 hits, 0 errors, 1 left on base; Ventura 8 - Sonoma 8
BOTTOM OF THE 11TH
Sonoma Stompers batting - Pitching for Ventura Gulls : RHP Kent Braxton
Batting: RHB Nathan Tomaszewski 0-0: Ball
1-0: Ball
2-0: Called Strike
2-1: Fly out, F9 (Flyball, 89M, EV 86.2 MPH)
Batting: RHB Luis Antonio Pinales 0-0: Ball
1-0: Ball
2-0: Ball
3-0: Called Strike
3-1: Foul Ball, location: 2F
3-2: Foul Ball, location: 2F
3-2: Strikes out looking
Batting: RHB Silas Zirkle 0-0: Ball
1-0: Ball
2-0: Foul Ball, location: 2F
2-1: Foul Ball, location: 2F
2-2: Ground out 4-3 (Groundball, 4, EV 87.5 MPH)
Bottom of the 11th over - 0 runs, 0 hits, 0 errors, 0 left on base; Ventura 8 - Sonoma 8
TOP OF THE 12TH
Ventura Gulls batting - Pitching for Sonoma Stompers : RHP Ben Netherly
Batting: RHB Jeronimo Lobato 0-0: Called Strike
0-1: Foul Ball, location: 2F
0-2: SINGLE (Line Drive, 89S, EV 108.8 MPH)
Batting: RHB Ian Machiavelli 0-0: Bunt - Flyout to P! F1
Batting: RHB Raulo Montoya 0-0: Grounds into double play, 6-4-3 (Groundball, 6, EV 88.8 MPH)
Top of the 12th over - 0 runs, 1 hit, 0 errors, 0 left on base; Ventura 8 - Sonoma 8
BOTTOM OF THE 12TH
Sonoma Stompers batting - Pitching for Ventura Gulls : RHP Kent Braxton
Batting: LHB Dillon Druyor 0-0: Called Strike
0-1: Ball
1-1: Ball
2-1: Swinging Strike
2-2: Ball
3-2: Base on Balls
Pitching: RHP Jerry MacMillen
Batting: RHB Kraig Morinville 0-0: Ball
1-0: Called Strike
1-1: Called Strike
Dillon Druyor is caught stealing 2nd base 2-4
1-2: Strikes out swinging
Batting: RHB Jim Kiser 0-0: Called Strike
0-1: Fly out, F4 (Popup, 4, EV 64.4 MPH)
Bottom of the 12th over - 0 runs, 0 hits, 0 errors, 0 left on base; Ventura 8 - Sonoma 8
TOP OF THE 13TH
Ventura Gulls batting - Pitching for Sonoma Stompers : RHP Ben Netherly
Batting: RHB Joaquin Esqueda 0-0: Ball
1-0: Ball
2-0: Foul Ball, location: 2F
2-1: Swinging Strike
2-2: Ball
3-2: Fly out, F7 (Flyball, 78D, EV 90.0 MPH)
Batting: RHB E.J. Love 0-0: Swinging Strike
0-1: Foul Ball, location: 2F
0-2: Ball
1-2: Ground out 4-3 (Groundball, 4, EV 86.2 MPH)
Batting: RHB Michal Schrieber 0-0: Ball
1-0: Ball
2-0: Swinging Strike
2-1: Ball
3-1: Ground out 6-3 (Groundball, 4MS, EV 71.2 MPH)
Top of the 13th over - 0 runs, 0 hits, 0 errors, 0 left on base; Ventura 8 - Sonoma 8
BOTTOM OF THE 13TH
Sonoma Stompers batting - Pitching for Ventura Gulls : RHP Jerry MacMillen
Batting: RHB Steve Simpson 0-0: Called Strike
0-1: Swinging Strike
0-2: Foul Ball, location: 2F
0-2: Ball
1-2: Reached on error, E6 (Groundball, 6, EV 94.4 MPH)
Batting: RHB Ed Mills 0-0: Intentional Walk
Batting: RHB Claude Wellington 0-0: Fly out, F9 (Line Drive, 89S, EV 91.2 MPH)
Batting: RHB Nathan Tomaszewski 0-0: Foul Ball, location: 2F
0-1: Fielders Choice at 2nd, 4-6 (Groundball, 34, EV 86.2 MPH)
Steve Simpson to third
Now at SS: Omar Carcamo
Batting: RHB Luis Antonio Pinales 0-0: Swinging Strike
0-1: SINGLE (Line Drive, 4MD, EV 102.5 MPH)
Steve Simpson scores
Bottom of the 13th over - 1 run, 1 hit, 1 error, 1 left on base; Ventura 8 - Sonoma 9
Sunday, April 21st , 2024 - OOTP Baseball 24.11 Build 85